 Dungeon Crawl Stone Soup version 0.25.1-2-g60ff931df9 (webtiles) character file.

Game seed: 10638747245632945157

805 Vinx the Chopper (level 7, -5/61 HPs)
             Began as a Minotaur Fighter on Aug 23, 2020.
             Shot with an arrow by a centaur (10 damage)
             ... on level 5 of the Dungeon on Aug 27, 2020.
             The game lasted 00:14:29 (4994 turns).

Vinx the Chopper (Minotaur Fighter)                 Turns: 4994, Time: 00:14:30

Health: -5/61      AC:  7    Str: 20    XL:     7   Next: 60%
Magic:  6/6        EV:  8    Int:  7    God:
Gold:   154        SH:  9    Dex: 10    Spells: 6/6 levels left

rFire    . . .     SeeInvis .   a - +0 war axe
rCold    . . .     Gourm    .   c - +0 kite shield
rNeg     . . .     Faith    .   b - +0 scale mail
rPois    .         Spirit   .   (helmet restricted)
rElec    .         Reflect  .   (no cloak)
rCorr    .         Harm     .   (no gloves)
MR       .....                  (no boots)
Stlth    ..........             (no amulet)
HPRegen  0.20/turn              (no ring)
MPRegen  0.10/turn              (no ring)

@: no status effects
A: retaliatory headbutt, horns 2
a: no special abilities


You were on level 5 of the Dungeon.
You were not hungry.

You visited 1 branch of the dungeon, and saw 5 of its levels.

You collected 154 gold pieces.

Inventory:

Hand Weapons
 a - a +0 war axe (weapon)
Missiles
 j - 29 poisoned darts (quivered)
Armour
 b - a +0 scale mail (worn)
 c - a +0 kite shield (worn)
Wands
 g - a wand of clouds (4)
 u - a wand of iceblast (7)
Scrolls
 i - a scroll of random uselessness {unknown}
 k - 2 scrolls of teleportation
 n - a scroll of identify {unknown}
 o - a scroll of fog
 q - a scroll of enchant weapon {unknown}
 r - a scroll of blinking {unknown}
 w - a scroll of amnesia {unknown}
Potions
 d - a potion of might
 e - a potion of invisibility {unknown}
 h - 2 potions of curing {unknown}
 l - a potion of brilliance {unknown}
 m - 2 potions of heal wounds
 p - 2 potions of stabbing {unknown}
 s - a potion of lignification {unknown}
 x - a potion of degeneration {unknown}
Comestibles
 f - 6 rations


   Skills:
 + Level 5.4 Fighting
 + Level 6.6 Axes
 + Level 1.4 Throwing
 + Level 6.2 Armour
 + Level 1.7 Dodging
 + Level 0.2 Stealth
 + Level 5.1 Shields


You had 6 spell levels left.
You didn't know any spells.
Your spell library was empty.

Dungeon Overview and Level Annotations

Branches:
Dungeon (5/15)
 Temple: D:4-7

Altars:
Gozag
Nemelex Xobeh
Qazlal
Sif Muna
Trog
Wu Jian
Yredelemnul

Annotations:
D:5 2 runed translucent doors


Innate Abilities, Weirdness & Mutations

You reflexively headbutt those who attack you in melee.
You have a pair of horns on your head.


Message History

The shadow imp gestures at you. Pain shoots through your body!
The gnoll shouts!
The centaur shoots an arrow.
You block the arrow.
You see here an arrow.
The shadow imp spits at you.
The centaur shoots an arrow.
The arrow hits you!
Found a large runed translucent door.
You see here an arrow.
The centaur shoots an arrow.
The arrow hits you!
* * * LOW HITPOINT WARNING * * *
The quokka zombie bites you but does no damage.
The centaur shoots an arrow.
The arrow hits you!
* * * LOW HITPOINT WARNING * * *
You see here 2 arrows.
The centaur shoots an arrow.
You block the arrow. The shadow imp hits you.
* * * LOW HITPOINT WARNING * * *
You see here an arrow.
The centaur shoots an arrow.
The arrow hits you!
You die...

....#............
....#............
##.....c..(....... #
#.................
#.#........(#......#
............#.......
...........(....:...
.........5Y.g......g
.......@(Zg.g.......
......####........#.
...... #.##.....#
.... ... ...... ...
........... ..
........... .
#####++####. ......≈


You could see a sky beast, a centaur (poisoned), 3 gnolls, a shadow imp and a
quokka zombie.

Vanquished Creatures
  3 ogres (D:4)
  2 hounds
  An orc priest (D:3)
  A centaur skeleton (D:4)
  4 orc wizards
  Ijyb (D:4)
  A worker ant (D:2)
  Robin (D:3)
  7 gnolls
  4 adders
  5 worms
  6 dart slugs
  6 leopard geckos
  15 orcs
  5 bats
  3 giant cockroaches
  27 goblins
  7 hobgoblins
  3 jackals (D:4)
  5 kobolds
  2 quokkas
  A ball python (D:4)
  5 frilled lizards
  13 rats
128 creatures vanquished.

Notes
Turn   | Place    | Note
-------+----------+-------------------------------------------
     0 | D:1      | Vinx the Minotaur Fighter began the quest for the Orb.
     0 | D:1      | Reached XP level 1. HP: 19/19 MP: 0/0
     6 | D:1      | Noticed a killer bee
     6 | D:1      | Noticed a polar bear
     6 | D:1      | Noticed a hog
     7 | D:1      | Noticed a seven-headed hydra
    79 | D:1      | Reached XP level 2. HP: 20/27 MP: 1/1
   538 | D:1      | Found a sparkling altar of Nemelex Xobeh.
   592 | D:1      | Reached XP level 3. HP: 33/33 MP: 2/2
  1018 | D:2      | Found an ornate altar of the Wu Jian Council.
  1065 | D:2      | Found a shimmering blue altar of Sif Muna.
  1282 | D:2      | Reached XP level 4. HP: 29/41 MP: 3/3
  2038 | D:3      | Reached skill level 1 in Dodging
  2040 | D:3      | Reached XP level 5. HP: 31/47 MP: 4/4
  2568 | D:3      | Reached skill level 5 in Axes
  2606 | D:3      | Reached XP level 6. HP: 51/53 MP: 5/5
  2608 | D:3      | Reached skill level 5 in Armour
  2680 | D:3      | Noticed Robin
  2695 | D:3      | Killed Robin
  2853 | D:3      | Found a stormy altar of Qazlal.
  2881 | D:3      | Found an opulent altar of Gozag.
  2892 | D:3      | Found a basalt altar of Yredelemnul.
  2903 | D:3      | Found a bloodstained altar of Trog.
  3837 | D:4      | Reached skill level 5 in Fighting
  3875 | D:4      | Reached XP level 7. HP: 45/61 MP: 6/6
  4098 | D:4      | Reached skill level 1 in Throwing
  4098 | D:4      | Reached skill level 5 in Shields
  4617 | D:4      | Noticed Ijyb
  4625 | D:4      | Killed Ijyb
  4980 | D:5      | Entered Level 5 of the Dungeon
  4990 | D:5      | Found a large runed translucent door.
  4992 | D:5      | Found a large runed translucent door.
  4994 | D:5      | Shot with an arrow by a centaur

Illustrated notes

Levels and vault maps discovered:
D:1:      onia_arrival_zoo_common, layout_basic, interstate_on_off,
          nemelex_diamond_rough_becter
D:2:      layout_loops_ring, nicolae_overflow_hidden_temple, led_sif_pool,
          first_ration
D:3:      layout_basic, nicolae_overflow_quartered_altars,
          gup_sewer_entry_spiral, minmay_bisected, uniq_robin
D:4:      kennysheep_goblin_castle, layout_basic
D:5:      layout_cave_pools, ebering_ghost_disaster_area

Skill      XL: |  1  2  3  4  5  6  7 |
---------------+----------------------+-----
Fighting       | 4 5 |  5.4
Armour         | 4 5 6 |  6.2
Shields        | 4 5 |  5.1
Axes           | 3 4 5 6 |  6.6
Dodging        | 1 |  1.7
Throwing       | 1 |  1.4
Stealth        | |  0.2

Action                   |  1- 3 |  4- 6 |  7- 9 || total
-------------------------+-------+-------+-------++-------
Melee: War axe           |    68 |   191 |    39 ||   298
       Headbutt          |     9 |    28 |     6 ||    43
Throw: Dart              |       |    12 |    13 ||    25
  Use: Scroll            |     3 |       |     1 ||     4
  Eat: Chunk             |     1 |     6 |     3 ||    10
       Ration            |       |     1 |       ||     1
Armor: Scale mail        |    35 |    61 |    19 ||   115
Dodge: Dodged            |    31 |    51 |    18 ||   100
Block: Kite shield       |    44 |    73 |    26 ||   143
